cohdb
Replays
Latest Replays
All Replays
Popular Replays
Top Player Replays
Match Explorer
How It Works
Community
CoH3 Stats
Reddit
Sign in to upload your games and track your stats! →
Sign in with Steam
Match 43912145
Unlisted
Match 43912145
Overview
Messages
Build Orders
End
Scout Squad
Construct Weapon Support Center
Selects Advanced Infantry Battlegroup
M1919 Machine Gun Team
M1919 Machine Gun Team
M1919 Machine Gun Team
Infantry Support Center
Selects Ammunition Storage
M3 Armored Personnel Carrier
Engineer Squad
Construct Medical Station
M3 Armored Personnel Carrier
Bazooka Squad
Selects M2A1 105mm Howitzer Emplacement
Selects Convert to Ranger Squad
M3 Armored Personnel Carrier
别来找骂春竹๑ᵒᯅᵒ๑
Barbarossa
0
0
Comments
sign in to comment!
No comments posted yet!